 Dungeon Crawl Stone Soup version 0.18.1-50-g88ac8fd (webtiles) character file.

1848 Inkary the Covered (level 9, -15/57 HPs)
             Began as a Formicid Fighter on Sept 17, 2016.
             Was a Believer of Makhleb.
             Killed from afar by a wretched star (36 damage)
             ... with an orb of energy
             ... on level 1 of the Abyss.
             The game lasted 00:08:07 (3896 turns).

Inkary the Covered (Formicid Fighter)               Turns: 3896, Time: 00:08:08

Health: -15/57     AC: 14    Str: 25    XL:     9   Next: 34%
Magic:  9/9        EV:  7    Int: 10    God:    Makhleb [**....]
Gold:   42         SH: 10    Dex: 13    Spells: 0 memorised, 8 levels left

rFire  + . .     SeeInvis +     B - +5 long sword "Hupsosol" {flame, Fragile +Rage Int+3 Dex+3}
rCold  . . .     Gourm    .     d - +2 chain mail {rF+}
rNeg   + . .     Faith    .     c - +0 shield
rPois  .         Spirit   .     (helmet unavailable)
rElec  .         Dismiss  .     p - +0 cloak
rCorr  .         Reflect  .     (no gloves)
SustAt .         Harm     .     (no boots)
MR     .....                    g - amulet of regeneration
Stlth  ..........               q - ring of positive energy
                                v - ring of stealth (curse)

@: not resistant to hostile enchantments, extremely unstealthy
A: permanent stasis, dig shafts and tunnels, four strong arms, antennae 3, frail
2
a: Dig, Shaft Self, Minor Destruction, Renounce Religion


You were on level 1 of the Abyss.
You worshipped Makhleb.
Makhleb was pleased with you.
You were near starving.

You visited 2 branches of the dungeon, and saw 7 of its levels.
You visited the Abyss 1 time.

You collected 207 gold pieces.
You spent 165 gold pieces at shops.

Inventory:

Hand Weapons
 a - a +0 war axe
 B - the +5 long sword "Hupsosol" (weapon) {flame, Fragile +Rage Int+3 Dex+3}
   (You took it off a centaur on level 5 of the Dungeon)

   It has been specially enchanted to burn those struck by it, causing extra
   injury to most foes and up to half again as much damage against particularly
   susceptible opponents.
   Big, fiery blades are also staple armaments of hydra-hunters.
   It affects your intelligence (+3).
   It affects your dexterity (+3).
   It lets you go berserk.
   It will be destroyed if unequipped.
Missiles
 z - a throwing net (quivered)
Armour
 c - a +0 shield (worn)
 d - a +2 chain mail of fire resistance (worn)
 p - a +0 cloak (worn)
Jewellery
 g - an amulet of regeneration (around neck)
 q - a ring of positive energy (right hand)
 v - a cursed ring of stealth (left hand)
Wands
 b - a wand of iceblast (3/15)
 n - a wand of iceblast (8/15)
 y - a wand of enslavement (11/24)
 D - a wand of paralysis (7/24)
Scrolls
 h - 4 scrolls of identify
 k - a scroll of remove curse
 s - a scroll of vulnerability {unknown}
 C - a scroll of fear {unknown}
Potions
 e - a potion of beneficial mutation {unknown}
 i - a potion of berserk rage {unknown}
 j - 2 potions of brilliance {unknown}
 l - a potion of magic
 o - a potion of agility {unknown}
 t - 2 potions of cure mutation {unknown}
 u - a potion of haste {unknown}
 w - a potion of flight {unknown}
 A - a potion of curing {unknown}
 E - a potion of heal wounds
Comestibles
 f - 4 bread rations
 m - 3 meat rations
 r - a royal jelly


   Skills:
 + Level 7.0 Fighting
 + Level 3.1 Long Blades
 - Level 6.8 Axes
 + Level 7.3 Armour
 - Level 5.2 Shields


You had 8 spell levels left.
You didn't know any spells.

Dungeon Overview and Level Annotations

Branches:
Dungeon (6/15)             Temple (1/1) D:5

Altars:
Ashenzari
Cheibriados
Dithmenos
Elyvilon
Fedhas
Gozag
Kikubaaqudgha
Makhleb
Nemelex Xobeh
Okawaru
Pakellas
Qazlal
Ru
Sif Muna
Trog
Vehumet
Xom
Yredelemnul
Zin
The Shining One

Shops:
D:6 !

Annotations:
D:5 Turgon's ghost, amateur DsCK


Innate Abilities, Weirdness & Mutations

You are under a permanent stasis effect.
You can dig through walls and to a lower floor.
Your four strong arms can wield two-handed weapons with a shield.
You have a pair of large antennae on your head (SInv).
[You are very frail (-20% HP).]


Message History

The wretched star glows turbulently.
The orb of energy hits you!
You closely miss the wretched star.
The wretched star glows turbulently.
The orb of energy hits you!
You barely miss the wretched star.
The wretched star pulses with an eldritch light!
You feel frail. x2
Your shield and chain mail prevent you from hitting the wretched star.
The wretched star glows turbulently.
The orb of energy hits you!
The orb of energy explodes!
You hit the wretched star but do no damage.
The wretched star glows turbulently.
The orb of energy misses you.
You slash the wretched star! You burn the wretched star.
The wretched star is lightly damaged.
The wretched star glows turbulently.
The orb of energy hits you!
Ouch! That really hurt!
You die...

# .# .##.. #
. ##.#. .....
.... # . #.#.
.... ##
.#.##...#.
#..# ###..#.
... #
#.##.......
.##..#.....#
#.#.#.#..#*##
..# ..#..@##
.. . #....#
##
..####.......
.. #. #
#.....#.....
#.
#....###...#
# .##.## #.##
.# ... (.# ..
... .. ## #


You could see a wretched star.

Vanquished Creatures
  A worldbinder (Abyss:1)
  A hellwing (Abyss:1)
  Grinder (D:4)
  Edmund (D:4)
  A water moccasin (D:5)
  A phantom (D:5)
  A crocodile (D:4)
  2 centaurs (D:5)
  A scorpion (D:4)
  A water moccasin skeleton (D:5)
  A hound (D:4)
  A centaur skeleton (D:4)
  3 iguanas
  3 orc wizards
  A worker ant (D:5)
  A hound skeleton (D:4)
  4 gnolls (D:5)
  An adder (D:3)
  3 oozes
  4 worms
  2 giant geckos (D:4)
  8 orcs
  6 bats
  9 hobgoblins
  8 jackals
  7 quokkas
  2 ball pythons
  A giant gecko zombie (D:5)
  6 giant newts
  18 goblins
  9 kobolds
  8 rats
117 creatures vanquished.

Notes
Turn   | Place    | Note
--------------------------------------------------------------
     0 | D:1      | Inkary the Formicid Fighter began the quest for the Orb.
     0 | D:1      | Reached XP level 1. HP: 18/18 MP: 1/1
   118 | D:1      | Reached XP level 2. HP: 22/24 MP: 2/2
   232 | D:1      | Reached XP level 3. HP: 28/29 MP: 3/3
   894 | D:2      | Reached XP level 4. HP: 31/35 MP: 4/4
  1244 | D:2      | Found a blossoming altar of Fedhas.
  1253 | D:2      | Found a burning altar of Makhleb.
  1259 | D:2      | Became a worshipper of Makhleb the Destroyer
  1406 | D:3      | Found a shimmering altar of Xom.
  1406 | D:3      | Found a white marble altar of Elyvilon.
  2081 | D:3      | Reached * piety under Makhleb
  2095 | D:3      | Reached XP level 5. HP: 40/42 MP: 5/5
  2311 | D:4      | Reached XP level 6. HP: 48/48 MP: 6/6
  2357 | D:4      | Reached skill level 5 in Shields
  2645 | D:4      | Reached ** piety under Makhleb
  2716 | D:4      | Noticed Grinder
  2734 | D:4      | Killed Grinder
  2734 | D:4      | Reached skill level 5 in Axes
  2734 | D:4      | Reached skill level 5 in Armour
  2734 | D:4      | Reached XP level 7. HP: 45/55 MP: 7/7
  2754 | D:4      | Noticed Edmund
  2768 | D:4      | Killed Edmund
  2768 | D:4      | Reached skill level 5 in Fighting
  3084 | D:5      | Entered Level 5 of the Dungeon
  3088 | D:5      | Reached XP level 8. HP: 62/62 MP: 8/8
  3409 | D:5      | Found a staircase to the Ecumenical Temple.
  3446 | D:5      | Got an uncursed encrusted long sword {flame}
  3451 | Temple   | Entered the Ecumenical Temple
  3559 | D:5      | Identified the +5 long sword "Hupsosol" {flame, Fragile +Rage Int+3 Dex+3} (You took it off a centaur on level 5 of the Dungeon)
  3681 | D:5      | Noticed Turgon's ghost (amateur DsCK)
  3796 | D:6      | Found Koenk's Distillery.
  3802 | D:6      | Bought a potion of degeneration for 15 gold pieces
  3802 | D:6      | Bought 2 potions of heal wounds for 150 gold pieces
  3831 | D:6      | Cast into level 1 of the Abyss (orc wizard)
  3832 | Abyss:1  | Found a corrupted altar of Lugonu.
  3859 | Abyss:1  | Noticed a worldbinder
  3862 | Abyss:1  | Noticed a tarantella
  3862 | Abyss:1  | Noticed a jumping spider
  3863 | Abyss:1  | Noticed a jumping spider
  3863 | Abyss:1  | Noticed a jumping spider
  3868 | Abyss:1  | Killed a worldbinder
  3868 | Abyss:1  | Reached XP level 9. HP: 61/71 MP: 9/9
  3873 | Abyss:1  | Noticed a hellwing
  3886 | Abyss:1  | Noticed a wretched star
  3890 | Abyss:1  | Killed a hellwing
  3896 | Abyss:1  | Killed from afar by a wretched star

Skill      XL: |  1  2  3  4  5  6  7  8  9 |
---------------+----------------------------+-----
Shields        | 4 5 |  5.2
Armour         | 4 5 7 |  7.3
Axes           | 3 5 6 |  6.8
Fighting       | 4 5 6 7 |  7.0
Long Blades    | 2 3 |  3.1

Action                   |  1- 3 |  4- 6 |  7- 9 || total
-------------------------+-------+-------+-------++-------
Melee: War axe           |   103 |   205 |    95 ||   403
       Long sword        |       |       |    46 ||    46
  Use: Scroll            |       |     6 |     1 ||     7
       Potion            |       |       |     3 ||     3
  Eat: Chunk             |       |     6 |     3 ||     9
Armor: Scale mail        |    47 |    80 |     3 ||   130
       Chain mail        |       |       |    68 ||    68
Dodge: Dodged            |    22 |    68 |    41 ||   131
Block: Shield            |    65 |   130 |    78 ||   273
